 Dungeon Crawl Stone Soup version 0.29-a0-317-gd16b76e6b1 (webtiles) character file.

Game seed: 17161090054605339774

959 kae the Firebug (level 8, 0/46 HPs)
             Began as a Tengu Fire Elementalist on Mar 30, 2022.
             Slain by a black bear (2 damage)
             ... on level 5 of the Dungeon.
             The game lasted 00:03:55 (6757 turns).

kae the Firebug (Tengu Fire Elementalist)           Turns: 6757, Time: 00:03:56

Health: 0/46       AC:  3    Str:  8    XL:     8   Next: 14%
Magic:  3/14       EV: 16    Int: 19    God:
Gold:   140        SH:  0    Dex: 14    Spells: 8/14 levels left

rFire   . . .      SeeInvis .   p - +0 hand axe (vorpal)
rCold   . . .      Faith    .   (no shield)
rNeg    . . .      Spirit   .   a - +0 robe
rPois   .          Reflect  .   (helmet restricted)
rElec   .          Harm     .   (no cloak)
rCorr   .          Rampage  .   u - +0 pair of gloves
Will    .....                   (boots unavailable)
Stlth   ++........              (no amulet)
HPRegen 0.15/turn               (no ring)
MPRegen 0.14/turn               (no ring)

@: flying quickly and evasively, quick
A: beak, talons 3, nimble flight
a: no special abilities


You were on level 5 of the Dungeon.
You visited 1 branch of the dungeon, and saw 5 of its levels.

You collected 183 gold pieces.
You spent 43 gold pieces at shops.

Inventory:

Hand Weapons
 p - a +0 vorpal hand axe (weapon)
Missiles
 v - a throwing net
Armour
 a - a +0 robe (worn)
 u - a +0 pair of gloves (worn)
Jewellery
 e - a ring of see invisible
Wands
 t - a wand of mindburst (19)
 z - a wand of flame (14)
Scrolls
 c - 6 scrolls of teleportation
 d - 10 scrolls of identify {unknown}
 g - a scroll of enchant armour {unknown}
 n - a scroll of vulnerability {unknown}
 o - a scroll of brand weapon {unknown}
 r - 2 scrolls of blinking {unknown}
 y - a scroll of fear {unknown}
Potions
 b - a potion of magic
 f - a potion of berserk rage {unknown}
 h - a potion of lignification
 i - 3 potions of heal wounds {unknown}
 j - a potion of mutation {unknown}
 k - a potion of ambrosia {unknown}
 l - 5 potions of curing {unknown}
 m - 2 potions of attraction {unknown}
 q - a potion of might {unknown}
 s - a potion of degeneration {unknown}
 w - 2 potions of haste {unknown}
 x - a potion of invisibility


   Skills:
 + Level 3.0 Fighting
 + Level 3.4 Armour
 + Level 4.2 Dodging
 - Level 2.0 Stealth
 + Level 3.6 Spellcasting
 + Level 4.4 Conjurations
 * Level 6.4 Fire Magic


You had 8 spell levels left.
You knew the following spells:

 Your Spells              Type           Power      Damage    Failure   Level
a - Foxfire               Conj/Fire      96%        2x1d8     1%          1
b - Scorch                Fire           54%        2d8       1%          2
c - Conjure Flame         Conj/Fire      24%        6-21      4%          3

Your spell library contained the following spells:

 Spells                   Type           Power      Damage    Failure   Level
 Inner Flame              Hex/Fire       15%        N/A       12%         3
 Sandblast                Erth           6%         2d5       14%         1
 Flame Wave               Conj/Fire      24%        2d7       16%         4
 Stone Arrow              Conj/Erth      22%        3d8       17%         3
 Passwall                 Tmut/Erth      2%         N/A       22%         2
 Summon Cactus Giant      Summ           1%         N/A       100%        6


Dungeon Overview and Level Annotations

Branches:
Dungeon (5/15)
 Temple: D:4-7

Altars:

Shops:
D:2 *

Annotations:
D:4 exclusion: acid dragon
D:5 Sigmund


Innate Abilities, Weirdness & Mutations

You have a beak for a mouth.
You have claws for feet.
Your magical nature lets you fly swiftly and evasively.


Message History

You hit the black bear but do no damage.
You punch the black bear, but do no damage.
The black bear is heavily wounded.
You hear a zap.
A puff of flame appears from out of thin air!
The puff of flame hits you but does no damage.
The black bear bites you. The black bear completely misses you.
The black bear claws you.
You hit the black bear.
The black bear is severely wounded.
Something hits you but does no damage.
The black bear bites you but does no damage.
The black bear claws you but does no damage. x2
You hit the black bear.
The black bear is severely wounded.
You feel less wooden.
Your +0 pair of gloves unmelds from your body.
Your +0 robe unmelds from your body.
The black bear goes berserk!
Something barely misses you. The black bear bites you!
* * * LOW HITPOINT WARNING * * *
The black bear barely misses you. The black bear claws you.
* * * LOW HITPOINT WARNING * * *
You hit the black bear. You claw the black bear.
You peck the black bear, but do no damage.
The black bear is almost dead.
The black bear barely misses you. The black bear closely misses you.
The black bear misses you.
You hear a zap.
A puff of flame appears from out of thin air!
The puff of flame misses you. The black bear closely misses you.
The black bear claws you.
* * * LOW HITPOINT WARNING * * *
The black bear barely misses you.
You completely miss the black bear.
The black bear is almost dead.
The black bear closely misses you. The black bear claws you.
* * * LOW HITPOINT WARNING * * *
The black bear closely misses you. Something closely misses you.
The black bear closely misses you. The black bear claws you.
You die...

.........§## ..
...........##
...
#.......#...##
#...
##.....###...##
#..$. #....##
###..## #....#
#....#
#...###...#
##...##
##....†{#
#....# #...h..#
###.## #...@.##
### #..#..#
##.#.## ##..#
###


You could see a black bear (berserk).

Vanquished Creatures
  A water moccasin (D:3)
  An ice beast (D:5)
  An ogre (D:5)
  A phantom (D:5)
  A necrophage (D:4)
  A scorpion (D:5)
  2 hounds (D:5)
  5 iguanas
  3 orc wizards (D:5)
  5 adders
  7 gnolls
  A worm (D:2)
  5 dart slugs
  11 orcs
  9 endoplasms
  A giant cockroach (D:3)
  5 goblins
  7 hobgoblins
  4 quokkas
  9 ball pythons
  3 bats
  13 frilled lizards
  6 kobolds
  2 rats
104 creatures vanquished.

Vanquished Creatures (collateral kills)
  6 foxfires
6 creatures vanquished.

Vanquished Creatures (others)
  378 foxfires
  A plant (D:3)
379 creatures vanquished.

Grand Total: 489 creatures vanquished

Notes
Turn   | Place    | Note
-------+----------+-------------------------------------------
     0 | D:1      | kae the Tengu Fire Elementalist began the quest for the
                  | Orb.
     0 | D:1      | Reached XP level 1. HP: 10/10 MP: 4/4
   568 | D:1      | Reached XP level 2. HP: 15/15 MP: 1/6
  1056 | D:1      | Found a faded altar of an unknown god.
  1149 | D:1      | Reached XP level 3. HP: 20/20 MP: 4/7
  1293 | D:1      | Reached skill level 4 in Fire Magic
  1547 | D:1      | Learned a level 2 spell: Scorch
  1551 | D:1      | Learned a level 3 spell: Conjure Flame
  1630 | D:2      | Reached skill level 1 in Armour
  2073 | D:2      | Reached XP level 4. HP: 24/24 MP: 4/8
  2291 | D:2      | Found Pouwni's Assorted Antiques.
  2308 | D:2      | Bought a scroll labelled RAAM NIREO for 23 gold pieces
  2308 | D:2      | Bought an inky potion for 20 gold pieces
  2474 | D:2      | Reached skill level 1 in Fighting
  2842 | D:3      | Noticed a water moccasin
  3278 | D:3      | Gained mutation: Your magical nature lets you fly swiftly
                  | and evasively. [Tengu growth]
  3278 | D:3      | Reached XP level 5. HP: 21/29 MP: 3/9
  3864 | D:3      | Killed a water moccasin
  3865 | D:3      | Reached XP level 6. HP: 17/35 MP: 0/11
  4449 | D:3      | Identified the +4 mace "Hanitib" {holy, *Rage rElec rN+++
                  | Int-5}
  4631 | D:4      | Reached skill level 5 in Fire Magic
  5290 | D:4      | Noticed an acid dragon
  5549 | D:5      | Entered Level 5 of the Dungeon
  5720 | D:5      | Reached XP level 7. HP: 40/40 MP: 2/12
  6261 | D:5      | Reached skill level 6 in Fire Magic
  6452 | D:5      | Reached XP level 8. HP: 18/45 MP: 8/14
  6728 | D:5      | Noticed Sigmund
  6757 | D:5      | HP: 2/46 [black bear (6)]
  6757 | D:5      | Slain by a black bear

Illustrated notes

Levels and vault maps discovered:
D:1:      psy_arrival_radial01, layout_basic,
          shapermc_ecumenical_altar_acropolis, minmay_lizard_pond
D:2:      layout_rooms, serial_shops, shop, grunt_decor_junction,
          minmay_tromino_i4
D:3:      layout_basic, serial_bayou_crossing
D:4:      layout_basic
D:5:      layout_layer_cave, minmay_misc_feat_columns, nicolae_shop_fire_sale
          [nicolae_sub_dead_trees], minmay_joined_circles, uniq_sigmund

Skill      XL: |  1  2  3  4  5  6  7  8 |
---------------+-------------------------+-----
Fire Magic     | 4 5 6 |  6.4
Armour         | 1 2 3 |  3.4
Conjurations   | 2 3 4 |  4.4
Fighting       | 1 2 3 |  3.0
Dodging        | 3 4 |  4.2
Spellcasting   | 3 |  3.6
Stealth        | |  2.0

Action                   |  1- 3 |  4- 6 |  7- 9 || total
-------------------------+-------+-------+-------++-------
Melee: Unarmed           |    28 |     8 |       ||    36
       Kick              |    11 |     7 |     6 ||    24
       Peck              |     1 |     1 |     3 ||     5
       Hand axe          |       |     5 |    15 ||    20
       Punch             |       |       |     1 ||     1
 Cast: Foxfire           |    84 |    95 |    45 ||   224
       Scorch            |       |    18 |    11 ||    29
       Conjure Flame     |       |     1 |     1 ||     2
  Use: Scroll            |       |     2 |       ||     2
       Potion            |       |       |     1 ||     1
 Stab: Sleeping          |     2 |     1 |       ||     3
Armor: Robe              |     1 |     5 |     4 ||    10
       Skin              |       |       |    37 ||    37
Dodge: Dodged            |    15 |    31 |    38 ||    84

Table legend: (Time is in decaauts)
 A = Elapsed time spent in this place.
 B = Non-inter-level travel time spent in this place.
 C = Inter-level travel time spent in this place.
 D = Time resting spent in this place.
 E = Time spent auto-exploring this place.
 F = Levels seen in this place.
 G = Mean time per level.
                   A        B        C        D        E       F      G
               +--------+--------+--------+--------+--------+-----+--------+
         Total |   6603 |   6338 |    265 |    913 |   4506 |   5 | 1320.6 |
       Dungeon |   6603 |   6338 |    265 |    913 |   4506 |   5 | 1320.6 |
               +--------+--------+--------+--------+--------+-----+--------+

Top non-repeatable levels by time:
     D:3: 1653 daAuts
     D:1: 1605 daAuts
     D:4: 1187 daAuts
     D:2: 1157 daAuts
     D:5: 1000 daAuts
